 Dungeon Crawl Stone Soup version 0.22-a0-877-g5c4e1afb51 (webtiles) character file.

345 RKaid the Vandal (level 6, -11/43 HPs)
             Began as a Halfling Arcane Marksman on July 29, 2018.
             Mangled by an ogre
             ... wielding a +0 giant spiked club
              (23 damage)
             ... on level 6 of the Dungeon.
             The game lasted 00:12:53 (4635 turns).

RKaid the Vandal (Halfling Arcane Marksman)         Turns: 4635, Time: 00:12:54

Health: -11/43     AC:  5    Str: 14 (15) XL:     6   Next: 90%
Magic:  7/7        EV: 12    Int:  9 (11) God:
Gold:   197        SH:  0    Dex: 14 (16) Spells: 6/7 levels left

rFire    . . .     SeeInvis .   w - +0 blowgun
rCold    . . .     Gourm    .   (shield restricted)
rNeg     . . .     Faith    .   d - +0 ring mail
rPois    .         Spirit   .   (no helmet)
rElec    .         Reflect  .   (no cloak)
rCorr    .         Harm     .   (no gloves)
MR       .....                  (no boots)
Stlth    ++........             (no amulet)
HPRegen  0.14/turn              k - +3 ring of strength
MPRegen  0.10/turn              x - ring of stealth {Stlth+}

@: heavily drained
A: small, mutation resistance 1
a: no special abilities


You were on level 6 of the Dungeon.
You were not hungry.

You visited 1 branch of the dungeon, and saw 5 of its levels.

You collected 197 gold pieces.

Inventory:

Hand Weapons
 a - a +0 hunting sling
 b - a +1 dagger of venom
   (You took it off an orc wizard on level 2 of the Dungeon)
 j - a +2 short sword of draining
   (You took it off Ijyb on level 3 of the Dungeon)
 u - a +2 dagger of holy wrath
   (You took it off a goblin on level 3 of the Dungeon)
 w - a +0 blowgun (weapon)
   (You took it off a kobold on level 3 of the Dungeon)
Missiles
 q - 34 sling bullets
 s - 109 stones (quivered)
Armour
 d - a +0 ring mail (worn)
   (You found it on level 1 of the Dungeon)
 m - a +0 chain mail
   (You took it off a goblin on level 3 of the Dungeon)
Jewellery
 k - a +3 ring of strength (left hand)
   (You found it on level 1 of the Dungeon)
 x - a ring of stealth (right hand) {Stlth+}
   (You found it on level 5 of the Dungeon)
Wands
 D - a wand of digging (16)
   (You took it off Ijyb on level 3 of the Dungeon)
Scrolls
 e - a scroll of teleportation {unknown}
 g - a scroll of fog {unknown}
 i - 2 scrolls of identify
 l - 3 scrolls of amnesia {unknown}
 o - 2 scrolls of remove curse
 p - a scroll of noise {unknown}
 r - a scroll of random uselessness {unknown}
Potions
 c - a potion of curing
 h - 3 potions of magic
 t - a potion of cancellation {unknown}
 v - a potion of lignification {!q}
Comestibles
 f - 2 rations


   Skills:
 + Level 3.8(1.9) Fighting
 + Level 6.7(4.6) Slings
 - Level 2.1(0.3) Dodging
 - Level 1.0(0.0) Spellcasting
 - Level 3.1(1.2) Hexes


You had 6 spell levels left.
You knew the following spells:

 Your Spells              Type           Power        Failure   Level  Hunger
b - Corona                Hex            #......      45%         1    ##.....

Your spell library contained the following spells:

 Spells                   Type           Power        Failure   Level  Hunger
 Cause Fear               Hex            #.........   99%         4    #####..
 Slow                     Hex            #.......     61%         2    ###....
 Confuse                  Hex            #.......     83%         3    ####...
 Tukima's Dance           Hex            #.......     83%         3    ####...
 Ensorcelled Hibernation  Hex/Ice        #.....       69%         2    ###....
 Portal Projectile        Hex/Tloc       #.....       89%         3    ####...
 Leda's Liquefaction      Hex/Erth       #.........   100%        4    #####..
 Inner Flame              Hex/Fire       #.......     89%         3    ####...
 Dazzling Spray           Conj/Hex       #.....       89%         3    ####...


Dungeon Overview and Level Annotations

Branches:
Dungeon (6/15)
 Temple: D:4-7

Altars:
Ashenzari
Hepliaklqana
Makhleb
Okawaru


Innate Abilities, Weirdness & Mutations

You are small and have problems with some larger weapons.
You are somewhat resistant to further mutation.


Message History

Aim: an adder zombie (almost destroyed)
You shoot a sling bullet.
The sling bullet barely misses the adder zombie.
Firing (i - inventory. (/) - cycle)
q - 33 sling bullets (quivered)
Press: ? - help, Shift-Dir - straight line, f/p - adder zombie
Aim: an adder zombie (almost destroyed)
You shoot a sling bullet. The sling bullet hits the adder zombie.
You destroy the adder zombie!
q - 33 sling bullets (gained 1)
l - 3 scrolls labeled JOOWETE WILYTS (gained 1)
You are near starving!
q - 34 sling bullets (gained 1)
You eat one of the 2 rations.
That ration really hit the spot!
Found a stone staircase leading up.
There is a stone staircase leading up here.
You climb upwards.
There is a stone staircase leading down here.
You see here a short sword.
f - 2 rations (gained 1)
You see here a short sword.
x - a twisted jade ring Put on which piece of jewellery? (? for menu, Esc to quit)
You feel stronger.
k - a +3 ring of strength (left hand) Put on which piece of jewellery? (? for menu, Esc to quit)
x - a ring of stealth (right hand)
An ogre comes into view. It is wielding a giant spiked club.
The ogre shouts!
You hear an angry hiss.
Wield which item (- for none, * to show all)? (? for menu, Esc to quit)
w - a +0 blowgun (weapon)
Firing (i - inventory. (/) - cycle)
n - 8 poisoned needles (quivered)
Press: ? - help, Shift-Dir - straight line, f - ogre
Aim: an ogre, wielding a giant spiked club You shoot a poisoned needle.
The poisoned needle hits the ogre.
The ogre is poisoned.
A frilled lizard comes into view.
Firing (i - inventory. (/) - cycle)
n - 7 poisoned needles (quivered)
Press: ? - help, Shift-Dir - straight line, f/p - ogre
Aim: an ogre, wielding a giant spiked club (poisoned)
You shoot a poisoned needle. The poisoned needle hits the ogre.
The ogre looks even sicker.
The frilled lizard hisses angrily.
The ogre looks more healthy.
There is a stone staircase leading down here.
The ogre closely misses you.
You climb downwards.
There is a stone staircase leading up here.
The ogre hits you with a giant spiked club.
Firing (i - inventory. (/) - cycle)
n - 6 poisoned needles (quivered)
Press: ? - help, Shift-Dir - straight line, f - ogre
Aim: an ogre, wielding a giant spiked club (moderately wounded)
You shoot a poisoned needle. The poisoned needle hits the ogre.
The ogre is poisoned.
The ogre looks more healthy.
Firing (i - inventory. (/) - cycle)
n - 5 poisoned needles (quivered)
Press: ? - help, Shift-Dir - straight line, f/p - ogre
Aim: an ogre, wielding a giant spiked club (severely wounded)
You shoot a poisoned needle.
The poisoned needle completely misses the ogre.
The ogre closely misses you.
Firing (i - inventory. (/) - cycle)
n - 4 poisoned needles (quivered)
Press: ? - help, Shift-Dir - straight line, f/p - ogre
Aim: an ogre, wielding a giant spiked club (severely wounded)
You shoot a poisoned needle. The poisoned needle hits the ogre.
The ogre is poisoned.
The ogre hits you with a giant spiked club!!
Ouch! That really hurt!
The ogre looks more healthy.
Firing (i - inventory. (/) - cycle)
n - 3 poisoned needles (quivered)
Press: ? - help, Shift-Dir - straight line, f/p - ogre
Aim: an ogre, wielding a giant spiked club (severely wounded)
You shoot a poisoned needle. The poisoned needle hits the ogre.
The ogre is poisoned.
You see here a poisoned needle.
The ogre closely misses you.
Firing (i - inventory. (/) - cycle)
n - 2 poisoned needles (quivered)
Press: ? - help, Shift-Dir - straight line, f/p - ogre
Aim: an ogre, wielding a giant spiked club (severely wounded, poisoned)
You shoot a poisoned needle. The poisoned needle hits the ogre.
The ogre looks more healthy.
You see here a poisoned needle.
You see here 2 poisoned needles.
You see here a poisoned needle.
You see here 2 poisoned needles.
The ogre hits you with a giant spiked club!
* * * LOW HITPOINT WARNING * * *
Firing (i - inventory. (/) - cycle)
n - a poisoned needle (quivered)
Press: ? - help, Shift-Dir - straight line, f/p - ogre
Aim: an ogre, wielding a giant spiked club (severely wounded)
You shoot a poisoned needle. The poisoned needle hits the ogre.
The ogre is poisoned.
You see here a poisoned needle.
The ogre looks more healthy.
You see here 3 poisoned needles.
You see here a poisoned needle.
You see here 3 poisoned needles.
You see here a poisoned needle.
The ogre hits you with a giant spiked club!!
Ouch! That really hurt!
You die...

#.# #.# #.#.# #
#.###.####.#.### .. #.
#.#............#
....#.########.#............# #
............................#.#
..#.#......#.#.##.........#.#
#(####.#.#.##...........#
#<...#(#O#.##.........###
#.##.#.#@#.##.........### #..
#.#.#.##............
######.#.#.##.........###
..........#.######.....#
#######...# ####### #.#.# #.#.#
.(... ##.#..#


You could see an ogre.

Vanquished Creatures
  A bullfrog zombie (D:2)
  4 orc wizards
  An iron imp (D:3)
  Ijyb (D:3)
  A worker ant (D:5)
  A gnoll (D:1)
  3 adders
  2 oozes
  An adder zombie (D:6)
  7 worms
  3 dart slugs
  A leopard gecko (D:3)
  6 orcs (D:3)
  5 giant cockroaches
  7 goblins
  3 hobgoblins (D:2)
  4 kobolds
  A quokka (D:3)
  A ball python (D:2)
  4 bats
  A frilled lizard (D:1)
  3 rats (D:1)
61 creatures vanquished.

Notes
Turn   | Place    | Note
-------+----------+-------------------------------------------
     0 | D:1      | RKaid the Halfling Arcane Marksman began the quest for the Orb.
     0 | D:1      | Reached XP level 1. HP: 12/12 MP: 2/2
    97 | D:1      | Reached skill level 1 in Fighting
   207 | D:1      | Reached XP level 2. HP: 18/18 MP: 3/3
   334 | D:1      | Reached XP level 3. HP: 23/23 MP: 4/4
   936 | D:1      | Reached skill level 4 in Slings
  1111 | D:2      | Found a shattered altar of Ashenzari.
  1118 | D:2      | Reached XP level 4. HP: 29/29 MP: 5/5
  1165 | D:2      | HP: 7/29 [bullfrog zombie (6)]
  1168 | D:2      | Reached skill level 2 in Fighting
  1168 | D:2      | Reached skill level 3 in Hexes
  1635 | D:2      | Reached XP level 5. HP: 33/35 MP: 6/6
  2008 | D:3      | Found an iron altar of Okawaru.
  2248 | D:3      | Noticed Ijyb
  2280 | D:3      | Reached skill level 5 in Slings
  2361 | D:3      | Killed Ijyb
  2667 | D:3      | HP: 8/36 [poisoned by an orc wizard]
  2956 | D:2      | Reached skill level 3 in Fighting
  2999 | D:2      | Reached XP level 6. HP: 27/42 MP: 7/7
  3139 | D:3      | Reached skill level 6 in Slings
  3397 | D:3      | Found a burning altar of Makhleb.
  3671 | D:3      | Found a hazy altar of Hepliaklqana.
  4255 | D:3      | You fall through a shaft for 3 floors!
  4286 | D:5      | Entered Level 5 of the Dungeon
  4296 | D:5      | Noticed an ogre
  4503 | D:5      | Noticed an ogre
  4600 | D:6      | HP: 7/43 [ogre/giant spiked club (13)]
  4635 | D:6      | Mangled by an ogre

Vault maps used:
D:1:      dpeg_arrival_rooms_a, nrook_uturn
D:2:      old_standard_altar
D:3:      kennysheep_the_goblin_king, old_standard_altar, okawaru_gym_becter,
          makhleb_grotto_becter
D:5:      cheibrodos_fzero, lemuel_coloured_pillars_altar, first_ration
D:6:      old_standard_altar, minivault_26, uniq_grinder

Skill      XL: |  1  2  3  4  5  6 |
---------------+-------------------+-----
Fighting       | 1 2 3 |  3.8
Slings         | 4 5 6 |  6.7
Hexes          | 3 |  3.1
Dodging        | |  2.1
Spellcasting   | |  1.0

Action                   |  1- 3 |  4- 6 || total
-------------------------+-------+-------++-------
Melee: Short sword       |       |     9 ||     9
       Dagger            |       |    31 ||    31
 Fire: Hunting sling     |   106 |   260 ||   366
       Blowgun           |       |     8 ||     8
  Use: Potion            |       |     4 ||     4
       Scroll            |       |     2 ||     2
  Eat: Chunk             |       |     9 ||     9
       Ration            |       |     1 ||     1
Armor: Ring mail         |    12 |    42 ||    54
Dodge: Dodged            |    16 |    93 ||   109

Table legend:
 A = Spawn XP
 B = Non-spawn XP
 C = Spawn XP percentage of total XP
 D = Spawn monster count
 E = Non-spawn monster count
 F = Spawn count percentage of total count
 G = Total turns spent on level
                    A         B        C        D         E        F      G
               +---------+---------+-------+---------+---------+-------+---------
         Total |       0 |     494 |   0.0 |       0 |      61 |   0.0 |  4635
               +---------+---------+-------+---------+---------+-------+---------
           D:1 |       0 |      49 |   0.0 |       0 |      14 |   0.0 |   898
           D:2 |       0 |     177 |   0.0 |       0 |      19 |   0.0 |  1512
           D:3 |       0 |     222 |   0.0 |       0 |      25 |   0.0 |  1845
           D:5 |       0 |      34 |   0.0 |       0 |       1 |   0.0 |   121
           D:6 |       0 |      12 |   0.0 |       0 |       2 |   0.0 |   259
               +---------+---------+-------+---------+---------+-------+---------

Table legend:
 A = Turns spent in this place as a percentage of turns spent in the entire game.
 B = Non-inter-level travel turns spent in this place as a percentage of non-inter-level travel turns spent in the entire game.
 C = Inter-level travel turns spent in this place as a percentage of turns spent in this place.
 D = Turns resting spent in this place as a percentage of non-inter-level travel turns spent in this place.
 E = Turns spent auto-exploring this place as a percentage of non-inter-level travel turns spent in this place.
 F = Non-inter-level travel turns spent in this place divided by the number of levels of this place that you've seen.
                   A       B       C       D       E      F
               +-------+-------+-------+-------+-------+----------------------
         Total | 100.0 | 100.0 |   0.8 |  35.8 |  38.1 | 920.0
       Dungeon | 100.0 | 100.0 |   0.8 |  35.8 |  38.1 | 920.0
               +-------+-------+-------+-------+-------+----------------------

Table legend:
 A = Kills in this place as a percentage of kills in entire the game.
 B = Kills by you in this place as a percentage of kills by you in the entire game.
 C = Kills by friends in this place as a percentage of kills by friends in the entire game.
 D = Other kills in this place as a percentage of other kills in the entire game.
 E = Experience gained in this place as a percentage of experience gained in the entire game.
 F = Experience gained in this place divided by the number of levels of this place that you have seen.
                   A       B       C       D       E      F
               +-------+-------+-------+-------+-------+----------------------
         Total | 100.0 | 100.0 |   N/A |   N/A | 100.0 |  98.8
       Dungeon | 100.0 | 100.0 |   N/A |   N/A | 100.0 |  98.8
               +-------+-------+-------+-------+-------+----------------------
